Sharks vs Avalanche
Created - November 24, 2025 at 19:09
Goals
|
| Sharks |
0 |
0 |
1 |
1 |
| Avalanche |
1 |
0 |
2 |
3 |
|
Shots
|
| Sharks |
10 |
9 |
4 |
23 |
| Avalanche |
10 |
14 |
9 |
33 |
|
1st period
1. Avalanche , Michael McLeod 2 (Patric Hornqvist 3, Joseph Blandisi 1) at 16:38
Penalties :
Patric Hornqvist (Col) for Roughing (Minor) at 8:11, Luke Witkowski (Col) for Tripping (Minor) at 12:20, Vladislav Gavrikov (Col) for Boarding (Minor) at 18:23
2nd period
No Goal
Penalties :
Oscar Sundqvist (S.J) for Hooking (Minor) at 1:50, Joseph Blandisi (Col) for Hooking (Minor) at 5:26, Connor Murphy (S.J) for Interference (Minor) at 10:46, William Carrier (S.J) for Roughing (Minor) at 13:49
3rd period
2. Sharks , Oscar Sundqvist 2 (Conor Sheary 4, Brandon Carlo 5) at 4:03
3. Avalanche , Michael McLeod 3 (David Rundblad 4, Joseph Blandisi 2) at 5:38
4. Avalanche , David Rundblad 2 (Bryan Little 3) at 18:59 (SH)
Penalties :
Rickard Rakell (Col) for High sticking (Minor) at 6:43, Jean-Gabriel Pageau (Col) for Hooking (Minor) at 10:50, Brian Dumoulin (Col) for Roughing (Minor) at 13:06, Anthony Duclair (Col) for Tripping (Minor) at 18:12
Goalie Stats
Philipp Grubauer (S.J), 30 saves from 33 shots - (0.909), L, 3-7-0, 60:00 minutes
Adin Hill (Col), 22 saves from 23 shots - (0.957), W, 2-2-0, 60:00 minutes
Players Stats for Sharks
Player Name G A P +/- PIM S H SB GA TA FO MP PP MP PK MP
------------------------------------------------------------------------------------
Ben Smith 0 0 0 0 0 1 0 1 2 0 1/1 16:25 7:05 0:00
Boone Jenner 0 0 0 -1 0 3 1 2 2 0 13/27 23:37 8:35 2:36
Brandon Carlo 0 1 1 -2 0 0 2 1 1 1 0/0 29:31 9:17 3:28
Brendan Gaunce 0 0 0 -1 0 2 1 0 0 0 1/1 6:43 0:00 0:23
Charlie McAvoy 0 0 0 0 0 0 0 0 0 0 0/0 10:15 0:00 0:40
Connor Murphy 0 0 0 0 2 1 2 0 4 0 0/0 20:29 6:23 1:49
Conor Sheary 0 1 1 -1 0 1 1 0 0 1 1/2 21:30 8:32 0:00
Devin Shore 0 0 0 0 0 2 0 0 0 0 2/4 10:30 0:03 0:00
Drew Doughty 0 0 0 -2 0 2 1 0 0 1 0/0 29:59 9:17 3:01
Greg Stewart 0 0 0 0 0 0 0 1 0 0 0/0 19:11 7:05 2:23
Kurtis Macdermid 0 0 0 0 0 2 1 0 0 0 0/0 10:02 0:00 0:49
MacKenzie Weegar 0 0 0 0 0 0 0 0 0 0 0/0 8:40 0:00 0:00
Markus Nutivaara 0 0 0 0 0 0 1 1 1 1 0/0 21:21 6:23 2:56
Max Domi 0 0 0 0 0 1 1 1 0 0 10/20 19:46 7:05 3:21
Nail Yakupov 0 0 0 0 0 4 0 0 0 0 0/1 9:21 0:01 0:00
Oscar Sundqvist 1 0 1 -1 2 4 0 0 0 2 1/4 23:57 8:34 2:22
Vince Hinostroza 0 0 0 -1 0 0 0 0 1 0 0/0 6:19 0:00 0:00
William Carrier 0 0 0 -1 2 0 1 0 0 1 0/0 6:24 0:00 0:00
Players Stats for Avalanche
Player Name G A P +/- PIM S H SB GA TA FO MP PP MP PK MP
------------------------------------------------------------------------------------
Andrei Kuzmenko 0 0 0 -1 0 1 1 0 0 0 0/1 12:44 2:51 0:00
Anthony Duclair 0 0 0 0 2 0 0 0 0 0 0/1 8:45 0:19 0:52
Brian Dumoulin 0 0 0 1 2 1 3 0 0 2 0/0 16:51 2:55 1:11
Bryan Little 0 1 1 0 0 7 2 3 0 0 13/27 21:38 2:53 7:51
David Rundblad 1 1 2 2 0 1 1 1 2 1 0/0 24:40 3:02 7:48
Drake Caggiula 0 0 0 0 0 1 3 0 1 0 1/1 5:55 0:09 0:26
Jack Johnson 0 0 0 0 0 2 0 1 0 0 0/0 23:26 2:55 7:48
Jacob Slavin 0 0 0 -1 0 2 1 0 2 2 0/0 24:18 3:02 7:52
Jean-Gabriel Pageau 0 0 0 0 2 0 1 1 0 0 9/16 19:33 2:51 6:38
Joseph Blandisi 0 2 2 2 2 1 1 0 1 0 1/1 12:07 0:00 0:00
Kyle Clifford 0 0 0 0 0 5 0 0 0 1 0/0 20:37 3:06 7:33
Luke Witkowski 0 0 0 1 2 2 1 0 0 2 0/0 12:48 0:00 6:28
Michael McLeod 2 0 2 2 0 2 0 1 0 0 4/9 10:42 0:00 0:00
Nick Cousins 0 0 0 -1 0 1 0 0 0 0 0/0 10:10 0:00 0:00
Patric Hornqvist 0 1 1 2 2 1 1 0 0 2 2/2 16:27 2:36 1:32
Rickard Rakell 0 0 0 0 2 6 0 0 1 0 1/2 12:40 3:06 0:00
Stefan Elliott 0 0 0 1 0 0 0 1 0 0 0/0 11:39 0:00 0:00
Vladislav Gavrikov 0 0 0 1 2 0 0 2 0 1 0/0 19:12 0:00 6:41
3 Stars
1 - Michael McLeod (Col)
2 - David Rundblad (Col)
3 - Adin Hill (Col)
Power Play
Sharks - 0 on 8 Attempt(s) - 0.00%
Avalanche - 0 on 3 Attempt(s) - 0.00%
Penalty Kill
Sharks - 3 on 3 Attempt(s) - 100.00%
- Score 0 goal in Penalty Kill
Avalanche - 8 on 8 Attempt(s) - 100.00%
- Score 1 goal in Penalty Kill
Team Stat
Sharks - Hits : 12 - Faceoff Wins : 29 - Blocked Shots : 7 - Penalty Minutes : 6
Avalanche - Hits : 15 - Faceoff Wins : 31 - Blocked Shots : 10 - Penalty Minutes : 16
Official
Referees : Furman South and Jacob Brenk
Linesman : James Tobias and Bryan Pancich
Game Notes
No Game Note
Finance
Level 1 -- Attendance: 5960 (99.33%) -- Ticket Income $596,000
Level 2 -- Attendance: 5000 (100.00%) -- Ticket Income $350,000
Level 3 -- Attendance: 2000 (100.00%) -- Ticket Income $80,000
Level 4 -- Attendance: 3906 (97.65%) -- Ticket Income $117,180
Luxury Box -- Attendance: 897 (89.70%) -- Ticket Income $179,400
Game was played at the Pepsi Center.
Total Attendance: 17763 (98.68%)
Total Ticket Income: $1,322,580
Other Income: $198,387
Total Income: $1,520,967
Sharks
5 vs 5 Forward
Center Left Wing Right Wing Time % Phy DF OF
1 Boone Jenner Oscar Sundqvist Conor Sheary 40 2 2 1
2 Max Domi Greg Stewart Ben Smith 30 2 2 1
3 Devin Shore Kurtis Macdermid Nail Yakupov 20 2 2 1
4 Brendan Gaunce William Carrier Vince Hinostroza 10 2 2 1
5 vs 5 Defense
Defense Defense Time % Phy DF OF
1 Brandon Carlo Drew Doughty 40 2 2 1
2 Markus Nutivaara Connor Murphy 30 2 2 1
3 Charlie McAvoy MacKenzie Weegar 20 2 2 1
4 Brandon Carlo Drew Doughty 10 2 2 1
PowerPlay Forward
Center Left Wing Right Wing Time % Phy DF OF
1 Boone Jenner Oscar Sundqvist Conor Sheary 60 1 1 3
2 Max Domi Greg Stewart Ben Smith 40 1 1 3
PowerPlay Defense
Defense Defense Time % Phy DF OF
1 Brandon Carlo Drew Doughty 60 0 2 3
2 Markus Nutivaara Connor Murphy 40 0 2 3
Penalty Kill 4 Players Forward
Center Wing Time % Phy DF OF
1 Max Domi Oscar Sundqvist 60 1 4 0
2 Boone Jenner Greg Stewart 40 1 4 0
Penalty Kill 4 Players Defense
Defense Defense Time % Phy DF OF
1 Brandon Carlo Drew Doughty 60 0 5 0
2 Markus Nutivaara Connor Murphy 40 0 5 0
Penalty Kill - 3 Players Forward
Forward Time % Phy DF OF
1 Max Domi 60 1 4 0
2 Boone Jenner 40 1 4 0
Penalty Kill - 3 Players Defense
Defense Defense Time % Phy DF OF
1 Brandon Carlo Drew Doughty 60 1 4 0
2 Markus Nutivaara Connor Murphy 40 1 4 0
4 vs 4 Forward
Center Wing Time % Phy DF OF
1 Boone Jenner Oscar Sundqvist 60 1 2 2
2 Max Domi Greg Stewart 40 1 2 2
4 vs 4 Defense
Defense Defense Time % Phy DF OF
1 Brandon Carlo Drew Doughty 60 1 2 2
2 Markus Nutivaara Connor Murphy 40 1 2 2
Last Minutes Offensive
Center Left Wing Right Wing Defense Defense
Boone Jenner Oscar Sundqvist Conor Sheary Brandon Carlo Drew Doughty
Last Minutes Defensive
Center Left Wing Right Wing Defense Defense
Max Domi Oscar Sundqvist Ben Smith Brandon Carlo Drew Doughty
Goaltenders
Starting : Philipp Grubauer
Backup : Malcolm Subban
Extra Forwards
Normal : Boone Jenner, Devin Shore, Nail Yakupov - PP : Boone Jenner, Devin Shore - PK : Boone Jenner
Extra Defensemen
Normal : Connor Murphy, Charlie McAvoy, MacKenzie Weegar - PP : Connor Murphy - PK : Connor Murphy, Charlie McAvoy
Penalty Shots
Max Domi, Ben Smith, Conor Sheary, Oscar Sundqvist, Boone Jenner
Custom OT Lines Forwards
Max Domi, Ben Smith, Conor Sheary, Oscar Sundqvist, Boone Jenner, Devin Shore, Nail Yakupov, Greg Stewart, Brendan Gaunce, Vince Hinostroza
Custom OT Lines Defensemen
Brandon Carlo, Drew Doughty, Markus Nutivaara, Connor Murphy, Charlie McAvoy
Scratches
Ronalds Kenins (Sprained Right Ankle Injury)
Avalanche
5 vs 5 Forward
Center Left Wing Right Wing Time % Phy DF OF
1 Jean-Gabriel Pageau Kyle Clifford Rickard Rakell 31 1 2 2
2 Bryan Little Andrei Kuzmenko Nick Cousins 31 1 2 2
3 Michael McLeod Joseph Blandisi Patric Hornqvist 27 1 2 2
4 Drake Caggiula Anthony Duclair Luke Witkowski 11 1 2 2
5 vs 5 Defense
Defense Defense Time % Phy DF OF
1 Jack Johnson Jacob Slavin 35 1 2 2
2 Brian Dumoulin David Rundblad 33 1 2 2
3 Stefan Elliott Vladislav Gavrikov 28 1 2 2
4 Stefan Elliott Vladislav Gavrikov 4 1 2 2
PowerPlay Forward
Center Left Wing Right Wing Time % Phy DF OF
1 Bryan Little Kyle Clifford Rickard Rakell 50 0 1 4
2 Jean-Gabriel Pageau Andrei Kuzmenko Patric Hornqvist 50 0 1 4
PowerPlay Defense
Defense Defense Time % Phy DF OF
1 Jacob Slavin David Rundblad 50 1 2 2
2 Jack Johnson Brian Dumoulin 50 1 2 2
Penalty Kill 4 Players Forward
Center Wing Time % Phy DF OF
1 Jean-Gabriel Pageau Kyle Clifford 50 1 3 1
2 Bryan Little Luke Witkowski 50 1 3 1
Penalty Kill 4 Players Defense
Defense Defense Time % Phy DF OF
1 David Rundblad Jack Johnson 50 1 2 2
2 Vladislav Gavrikov Jacob Slavin 50 1 2 2
Penalty Kill - 3 Players Forward
Forward Time % Phy DF OF
1 Luke Witkowski 57 1 4 0
2 Jean-Gabriel Pageau 43 1 4 0
Penalty Kill - 3 Players Defense
Defense Defense Time % Phy DF OF
1 David Rundblad Jack Johnson 50 1 2 2
2 Vladislav Gavrikov Jacob Slavin 50 1 2 2
4 vs 4 Forward
Center Wing Time % Phy DF OF
1 Jean-Gabriel Pageau Kyle Clifford 50 1 2 2
2 Bryan Little Patric Hornqvist 50 1 2 2
4 vs 4 Defense
Defense Defense Time % Phy DF OF
1 Jacob Slavin Brian Dumoulin 60 1 2 2
2 David Rundblad Jack Johnson 40 1 2 2
Last Minutes Offensive
Center Left Wing Right Wing Defense Defense
Jean-Gabriel Pageau Kyle Clifford Rickard Rakell Jacob Slavin Brian Dumoulin
Last Minutes Defensive
Center Left Wing Right Wing Defense Defense
Jean-Gabriel Pageau Kyle Clifford Luke Witkowski Jacob Slavin Brian Dumoulin
Goaltenders
Starting : Adin Hill
Backup : Robin Lehner
Extra Forwards
Normal : Michael McLeod, Anthony Duclair, Luke Witkowski - PP : Patric Hornqvist, Anthony Duclair - PK : Patric Hornqvist
Extra Defensemen
Normal : Brian Dumoulin, Vladislav Gavrikov, Stefan Elliott - PP : Brian Dumoulin - PK : Brian Dumoulin, Stefan Elliott
Penalty Shots
Andrei Kuzmenko, Anthony Duclair, Michael McLeod, Bryan Little, Kyle Clifford
Custom OT Lines Forwards
Jean-Gabriel Pageau, Kyle Clifford, Rickard Rakell, Andrei Kuzmenko, Patric Hornqvist, Bryan Little, Luke Witkowski, Nick Cousins, Michael McLeod, Anthony Duclair
Custom OT Lines Defensemen
Jacob Slavin, Brian Dumoulin, David Rundblad, Jack Johnson, Vladislav Gavrikov
Scratches
Jack Dougherty (Healthy), Jarred Tinordi (Healthy), Ryan Hartman (Healthy)
% Time on Ice - Sharks
Lines # - Real PCT - Wanted PCT - Time Play
Normal Forward
1 - 35% - 40% - 13:25
2 - 25% - 30% - 9:26
3 - 24% - 20% - 9:13
4 - 16% - 10% - 6:19
Normal Defense
1 - 43% - 40% - 16:37
2 - 31% - 30% - 12:02
3 - 23% - 20% - 8:40
4 - 3% - 10% - 1:04
PP Forward
1 - 55% - 60% - 8:35
2 - 45% - 40% - 7:05
PP Defense
1 - 59% - 60% - 9:17
2 - 41% - 40% - 6:23
PK Forward
1 - 85% - 60% - 5:03
2 - 15% - 40% - 0:54
PK Defense
1 - 51% - 60% - 3:01
2 - 49% - 40% - 2:56
PK3 Forward
1 - 0% - 60%
2 - 0% - 40%
PK3 Defense
1 - 0% - 60%
2 - 0% - 40%
44 Forward
1 - 0% - 60%
2 - 0% - 40%
44 Defense
1 - 0% - 60%
2 - 0% - 40%
Last Minute Offensive - 0:00
Last Minute Defensive - 0:00
Total
Forward - 60:00
Defense - 60:00
|
% Time on Ice - Avalanche
Lines # - Real PCT - Wanted PCT - Time Play
Normal Forward
1 - 31% - 31% - 12:02
2 - 29% - 31% - 11:02
3 - 26% - 27% - 10:04
4 - 14% - 11% - 5:15
Normal Defense
1 - 34% - 35% - 13:13
2 - 35% - 33% - 13:31
3 - 30% - 28% - 11:23
4 - 1% - 4% - 0:16
PP Forward
1 - 52% - 50% - 3:06
2 - 48% - 50% - 2:51
PP Defense
1 - 51% - 50% - 3:02
2 - 49% - 50% - 2:55
PK Forward
1 - 52% - 50% - 8:05
2 - 48% - 50% - 7:35
PK Defense
1 - 50% - 50% - 7:48
2 - 50% - 50% - 7:52
PK3 Forward
1 - 0% - 57%
2 - 0% - 43%
PK3 Defense
1 - 0% - 50%
2 - 0% - 50%
44 Forward
1 - 0% - 50%
2 - 0% - 50%
44 Defense
1 - 0% - 60%
2 - 0% - 40%
Last Minute Offensive - 0:00
Last Minute Defensive - 0:00
Total
Forward - 60:00
Defense - 60:00
|
Play-by-Play
1st period
0:01 of 1st period - Jean-Gabriel Pageau wins face-off versus Oscar Sundqvist in neutral zone.
0:10 of 1st period - Slapshot by Jean-Gabriel Pageau.
0:10 of 1st period - Shot Misses the Net.
0:12 of 1st period - Snap shot by Kyle Clifford.
0:12 of 1st period - Shot Hit the Post.
0:14 of 1st period - Snap shot by Rickard Rakell.
0:14 of 1st period - Stopped by Philipp Grubauer with a rebound.
0:16 of 1st period - Snap shot by Jean-Gabriel Pageau.
0:16 of 1st period - Deflect By Rickard Rakell.
0:16 of 1st period - Shot Misses the Net.
0:16 of 1st period - Puck is out of play.
0:17 of 1st period - Max Domi wins face-off versus Andrei Kuzmenko in Sharks zone.
0:28 of 1st period - Wrist shot by Max Domi.
0:28 of 1st period - Shot Blocked by Bryan Little.
0:44 of 1st period - Nail Yakupov is hit by David Rundblad and loses puck.
1:14 of 1st period - Wrist shot by Drake Caggiula.
1:14 of 1st period - Stopped by Philipp Grubauer with a rebound.
2:08 of 1st period - Wrist shot by Nail Yakupov.
2:08 of 1st period - Stopped by Adin Hill with a rebound.
2:10 of 1st period - Snap shot by Nail Yakupov.
2:10 of 1st period - Deflect By Devin Shore.
2:10 of 1st period - Shot Misses the Net.
2:10 of 1st period - Puck is out of play.
2:11 of 1st period - Patric Hornqvist wins face-off versus Devin Shore in Avalanche zone.
3:40 of 1st period - Nail Yakupov is hit by Drake Caggiula and loses puck.
4:03 of 1st period - Snap shot by Nick Cousins.
4:03 of 1st period - Deflect By Bryan Little.
4:03 of 1st period - Stopped by Philipp Grubauer with a rebound.
4:05 of 1st period - Snap shot by Nick Cousins.
4:05 of 1st period - Deflect By Bryan Little.
4:05 of 1st period - Stopped by Philipp Grubauer with a rebound.
4:07 of 1st period - Slapshot by Brian Dumoulin.
4:07 of 1st period - Shot Misses the Net.
4:17 of 1st period - Greg Stewart is hit by Luke Witkowski and loses puck.
4:24 of 1st period - Charlie McAvoy is hit by Drake Caggiula and loses puck.
5:01 of 1st period - Slapshot by Drew Doughty.
5:01 of 1st period - Stopped by Adin Hill with a rebound.
5:09 of 1st period - Brandon Carlo is hit by Brian Dumoulin and loses puck.
5:28 of 1st period - Slapshot by Drew Doughty.
5:28 of 1st period - Stopped by Adin Hill without a rebound.
5:29 of 1st period - Boone Jenner wins face-off versus Bryan Little in Avalanche zone.
5:32 of 1st period - Snap shot by Boone Jenner.
5:32 of 1st period - Shot Misses the Net.
5:34 of 1st period - Snap shot by Oscar Sundqvist.
5:34 of 1st period - Stopped by Adin Hill without a rebound.
5:35 of 1st period - Boone Jenner wins face-off versus Bryan Little in Avalanche zone.
5:42 of 1st period - Slapshot by Boone Jenner.
5:42 of 1st period - Deflect By Bryan Little.
5:42 of 1st period - Shot Misses the Net.
5:42 of 1st period - Puck is out of play.
5:43 of 1st period - Boone Jenner wins face-off versus Bryan Little in Avalanche zone.
6:15 of 1st period - Brandon Carlo is hit by Patric Hornqvist and loses puck.
6:29 of 1st period - Off-side.
6:30 of 1st period - Brendan Gaunce wins face-off versus Anthony Duclair in neutral zone.
7:27 of 1st period - Wrist shot by Bryan Little.
7:27 of 1st period - Stopped by Philipp Grubauer with a rebound.
7:29 of 1st period - Wrist shot by Nick Cousins.
7:29 of 1st period - Stopped by Philipp Grubauer with a rebound.
7:31 of 1st period - Wrist shot by Nick Cousins.
7:31 of 1st period - Shot Misses the Net.
7:33 of 1st period - Slapshot by Jack Johnson.
7:33 of 1st period - Stopped by Philipp Grubauer without a rebound.
7:34 of 1st period - Boone Jenner wins face-off versus Rickard Rakell in Sharks zone.
7:49 of 1st period - Wrist shot by Oscar Sundqvist.
7:49 of 1st period - Stopped by Adin Hill without a rebound.
7:50 of 1st period - Michael McLeod wins face-off versus Nail Yakupov in Avalanche zone.
8:01 of 1st period - Snap shot by Devin Shore.
8:01 of 1st period - Shot Misses the Net.
8:03 of 1st period - Snap shot by Devin Shore.
8:03 of 1st period - Shot Blocked by Vladislav Gavrikov.
8:11 of 1st period - Minor Penalty to Patric Hornqvist for Roughing.
8:12 of 1st period - Boone Jenner wins face-off versus Jean-Gabriel Pageau in Avalanche zone.
8:23 of 1st period - Wrist shot by Boone Jenner.
8:23 of 1st period - Shot Blocked by Jean-Gabriel Pageau.
8:39 of 1st period - Brandon Carlo is hit by Bryan Little and loses puck.
8:48 of 1st period - Slapshot by Jacob Slavin.
8:48 of 1st period - Stopped by Philipp Grubauer without a rebound.
8:49 of 1st period - Bryan Little wins face-off versus Conor Sheary in Sharks zone.
9:04 of 1st period - Snap shot by Conor Sheary.
9:04 of 1st period - Shot Blocked by Vladislav Gavrikov.
10:11 of 1st period - Penalty to Patric Hornqvist is over, Patric Hornqvist is back on ice.
10:16 of 1st period - Luke Witkowski is hit by Kurtis Macdermid and loses puck.
10:43 of 1st period - Jacob Slavin is hit by William Carrier and loses puck.
10:51 of 1st period - Off-side.
10:52 of 1st period - Conor Sheary wins face-off versus Jean-Gabriel Pageau in neutral zone.
11:09 of 1st period - Off-side.
11:10 of 1st period - Max Domi wins face-off versus Michael McLeod in neutral zone.
11:23 of 1st period - Slapshot by Michael McLeod.
11:23 of 1st period - Shot Misses the Net.
11:35 of 1st period - David Rundblad is hit by Connor Murphy and loses puck.
11:40 of 1st period - Snap shot by Boone Jenner.
11:40 of 1st period - Stopped by Adin Hill with a rebound.
12:20 of 1st period - Minor Penalty to Luke Witkowski for Tripping.
12:21 of 1st period - Boone Jenner wins face-off versus Bryan Little in Avalanche zone.
12:40 of 1st period - Boone Jenner is hit by Jean-Gabriel Pageau and loses puck.
12:50 of 1st period - Icing by Connor Murphy.
12:51 of 1st period - Bryan Little wins face-off versus Max Domi in Sharks zone.
13:06 of 1st period - Wrist shot by Bryan Little.
13:06 of 1st period - Shot Misses the Net.
14:20 of 1st period - Penalty to Luke Witkowski is over, Luke Witkowski is back on ice.
14:32 of 1st period - Wrist shot by Nail Yakupov.
14:32 of 1st period - Stopped by Adin Hill with a rebound.
14:34 of 1st period - Snap shot by Markus Nutivaara.
14:34 of 1st period - Shot Blocked by Jack Johnson.
15:23 of 1st period - Snap shot by Rickard Rakell.
15:23 of 1st period - Deflect By Jean-Gabriel Pageau.
15:23 of 1st period - Shot Misses the Net.
15:23 of 1st period - Puck is out of play.
15:24 of 1st period - Max Domi wins face-off versus Jean-Gabriel Pageau in Sharks zone.
15:37 of 1st period - Wrist shot by Ben Smith.
15:37 of 1st period - Shot Misses the Net.
15:39 of 1st period - Slapshot by Brandon Carlo.
15:39 of 1st period - Deflect By Ben Smith.
15:39 of 1st period - Shot Blocked by Stefan Elliott.
15:39 of 1st period - Puck is out of play.
15:40 of 1st period - Boone Jenner wins face-off versus Michael McLeod in Avalanche zone.
15:47 of 1st period - Snap shot by Conor Sheary.
15:47 of 1st period - Deflect By Boone Jenner.
15:47 of 1st period - Shot Misses the Net.
15:47 of 1st period - Puck is out of play.
15:48 of 1st period - Michael McLeod wins face-off versus Boone Jenner in Avalanche zone.
15:50 of 1st period - Joseph Blandisi is hit by Conor Sheary and loses puck.
16:38 of 1st period - Wrist shot by Michael McLeod.
16:38 of 1st period - Goal by Michael McLeod - Sharks : 0 - Avalanche : 1.
16:39 of 1st period - Max Domi wins face-off versus Jean-Gabriel Pageau in neutral zone.
16:50 of 1st period - Snap shot by Ben Smith.
16:50 of 1st period - Stopped by Adin Hill with a rebound.
17:50 of 1st period - Vince Hinostroza is hit by Joseph Blandisi and loses puck.
17:59 of 1st period - Snap shot by Patric Hornqvist.
17:59 of 1st period - Stopped by Philipp Grubauer without a rebound.
18:00 of 1st period - Jean-Gabriel Pageau wins face-off versus Boone Jenner in Sharks zone.
18:23 of 1st period - Minor Penalty to Vladislav Gavrikov for Boarding.
18:24 of 1st period - Boone Jenner wins face-off versus Jean-Gabriel Pageau in Avalanche zone.
18:37 of 1st period - Wrist shot by Conor Sheary.
18:37 of 1st period - Stopped by Adin Hill without a rebound.
18:38 of 1st period - Bryan Little wins face-off versus Boone Jenner in Avalanche zone.
19:11 of 1st period - Wrist shot by Max Domi.
19:11 of 1st period - Stopped by Adin Hill without a rebound.
19:12 of 1st period - Ben Smith wins face-off versus Bryan Little in Avalanche zone.
Goals for this period are 0 for Sharks vs 1 for Avalanche.
Shots for this period are 10 for Sharks vs 10 for Avalanche.
2nd period
0:01 of 2nd period - Bryan Little wins face-off versus Boone Jenner in neutral zone.
0:11 of 2nd period - Snap shot by Luke Witkowski.
0:11 of 2nd period - Stopped by Philipp Grubauer with a rebound.
0:17 of 2nd period - Snap shot by Bryan Little.
0:17 of 2nd period - Stopped by Philipp Grubauer with a rebound.
0:23 of 2nd period - Penalty to Vladislav Gavrikov is over, Vladislav Gavrikov is back on ice.
0:48 of 2nd period - Devin Shore is hit by Andrei Kuzmenko and loses puck.
1:07 of 2nd period - Jacob Slavin is hit by Markus Nutivaara.
1:31 of 2nd period - Snap shot by Oscar Sundqvist.
1:31 of 2nd period - Stopped by Adin Hill without a rebound.
1:32 of 2nd period - Jean-Gabriel Pageau wins face-off versus Boone Jenner in Avalanche zone.
1:50 of 2nd period - Minor Penalty to Oscar Sundqvist for Hooking.
1:51 of 2nd period - Bryan Little wins face-off versus Max Domi in Sharks zone.
2:03 of 2nd period - Wrist shot by Kyle Clifford.
2:03 of 2nd period - Stopped by Philipp Grubauer with a rebound.
2:05 of 2nd period - Wrist shot by Kyle Clifford.
2:05 of 2nd period - Stopped by Philipp Grubauer with a rebound.
3:50 of 2nd period - Penalty to Oscar Sundqvist is over, Oscar Sundqvist is back on ice.
4:57 of 2nd period - Slapshot by Markus Nutivaara.
4:57 of 2nd period - Shot Misses the Net.
4:59 of 2nd period - Slapshot by Connor Murphy.
4:59 of 2nd period - Stopped by Adin Hill with a rebound.
5:13 of 2nd period - Wrist shot by Oscar Sundqvist.
5:13 of 2nd period - Shot Blocked by Michael McLeod.
5:26 of 2nd period - Minor Penalty to Joseph Blandisi for Hooking.
5:27 of 2nd period - Jean-Gabriel Pageau wins face-off versus Max Domi in Avalanche zone.
5:36 of 2nd period - Icing by Max Domi.
5:37 of 2nd period - Bryan Little wins face-off versus Max Domi in Sharks zone.
7:26 of 2nd period - Penalty to Joseph Blandisi is over, Joseph Blandisi is back on ice.
7:44 of 2nd period - Slapshot by Brendan Gaunce.
7:44 of 2nd period - Stopped by Adin Hill with a rebound.
7:50 of 2nd period - William Carrier is hit by Brian Dumoulin and loses puck.
9:18 of 2nd period - Anthony Duclair is hit by Brendan Gaunce and loses puck.
9:29 of 2nd period - Slapshot by Brendan Gaunce.
9:29 of 2nd period - Stopped by Adin Hill without a rebound.
9:30 of 2nd period - Boone Jenner wins face-off versus Bryan Little in Avalanche zone.
9:46 of 2nd period - Icing by David Rundblad.
9:47 of 2nd period - Max Domi wins face-off versus Bryan Little in Avalanche zone.
10:14 of 2nd period - Bryan Little is hit by Brandon Carlo and loses puck.
10:38 of 2nd period - Wrist shot by Andrei Kuzmenko.
10:38 of 2nd period - Shot Misses the Net.
10:40 of 2nd period - Snap shot by Bryan Little.
10:40 of 2nd period - Stopped by Philipp Grubauer without a rebound.
10:41 of 2nd period - Jean-Gabriel Pageau wins face-off versus Boone Jenner in Sharks zone.
10:44 of 2nd period - Slapshot by Rickard Rakell.
10:44 of 2nd period - Shot Misses the Net.
10:46 of 2nd period - Minor Penalty to Connor Murphy for Interference.
10:47 of 2nd period - Bryan Little wins face-off versus Max Domi in Sharks zone.
11:10 of 2nd period - Snap shot by Andrei Kuzmenko.
11:10 of 2nd period - Shot Misses the Net.
12:46 of 2nd period - Penalty to Connor Murphy is over, Connor Murphy is back on ice.
12:55 of 2nd period - Wrist shot by Drake Caggiula.
12:55 of 2nd period - Shot Blocked by Greg Stewart.
12:57 of 2nd period - Slapshot by Jacob Slavin.
12:57 of 2nd period - Stopped by Philipp Grubauer with a rebound.
13:33 of 2nd period - Wrist shot by Devin Shore.
13:33 of 2nd period - Stopped by Adin Hill with a rebound.
13:35 of 2nd period - Backhand shot by Nail Yakupov.
13:35 of 2nd period - Shot Misses the Net.
13:37 of 2nd period - Slapshot by Devin Shore.
13:37 of 2nd period - Stopped by Adin Hill with a rebound.
13:49 of 2nd period - Minor Penalty to William Carrier for Roughing.
13:50 of 2nd period - Bryan Little wins face-off versus Max Domi in Sharks zone.
13:55 of 2nd period - Wrist shot by Rickard Rakell.
13:55 of 2nd period - Stopped by Philipp Grubauer with a rebound.
13:57 of 2nd period - Snap shot by Bryan Little.
13:57 of 2nd period - Deflect By Kyle Clifford.
13:57 of 2nd period - Shot Blocked by Max Domi.
13:57 of 2nd period - Puck is out of play.
13:58 of 2nd period - Max Domi wins face-off versus Bryan Little in Sharks zone.
14:09 of 2nd period - Snap shot by Rickard Rakell.
14:09 of 2nd period - Stopped by Philipp Grubauer with a rebound.
14:11 of 2nd period - Wrist shot by Bryan Little.
14:11 of 2nd period - Stopped by Philipp Grubauer without a rebound.
14:12 of 2nd period - Jean-Gabriel Pageau wins face-off versus Max Domi in Sharks zone.
14:39 of 2nd period - Rickard Rakell is hit by Boone Jenner and loses puck.
14:46 of 2nd period - Slapshot by Bryan Little.
14:46 of 2nd period - Deflect By Rickard Rakell.
14:46 of 2nd period - Shot Blocked by Boone Jenner.
14:46 of 2nd period - Puck is out of play.
14:47 of 2nd period - Bryan Little wins face-off versus Oscar Sundqvist in Sharks zone.
15:49 of 2nd period - Penalty to William Carrier is over, William Carrier is back on ice.
15:58 of 2nd period - Anthony Duclair is hit by Drew Doughty and loses puck.
16:03 of 2nd period - Slapshot by Nail Yakupov.
16:03 of 2nd period - Deflect By Kurtis Macdermid.
16:03 of 2nd period - Stopped by Adin Hill with a rebound.
16:05 of 2nd period - Wrist shot by Nail Yakupov.
16:05 of 2nd period - Stopped by Adin Hill without a rebound.
16:06 of 2nd period - Devin Shore wins face-off versus Bryan Little in Avalanche zone.
16:09 of 2nd period - Snap shot by Kurtis Macdermid.
16:09 of 2nd period - Stopped by Adin Hill with a rebound.
16:33 of 2nd period - Michael McLeod is hit by Connor Murphy and loses puck.
16:45 of 2nd period - Icing by Oscar Sundqvist.
16:46 of 2nd period - Jean-Gabriel Pageau wins face-off versus Max Domi in Sharks zone.
17:49 of 2nd period - Off-side.
17:50 of 2nd period - Michael McLeod wins face-off versus Max Domi in neutral zone.
17:57 of 2nd period - Slapshot by Patric Hornqvist.
17:57 of 2nd period - Shot Misses the Net.
17:59 of 2nd period - Snap shot by Joseph Blandisi.
17:59 of 2nd period - Stopped by Philipp Grubauer with a rebound.
18:26 of 2nd period - Off-side.
18:27 of 2nd period - Jean-Gabriel Pageau wins face-off versus Boone Jenner in neutral zone.
18:34 of 2nd period - Snap shot by Rickard Rakell.
18:34 of 2nd period - Stopped by Philipp Grubauer with a rebound.
18:36 of 2nd period - Slapshot by Brian Dumoulin.
18:36 of 2nd period - Shot Misses the Net.
18:38 of 2nd period - Wrist shot by Kyle Clifford.
18:38 of 2nd period - Stopped by Philipp Grubauer without a rebound.
18:39 of 2nd period - Bryan Little wins face-off versus Boone Jenner in Sharks zone.
18:44 of 2nd period - Wrist shot by Andrei Kuzmenko.
18:44 of 2nd period - Stopped by Philipp Grubauer with a rebound.
18:46 of 2nd period - Snap shot by Andrei Kuzmenko.
18:46 of 2nd period - Shot Blocked by Boone Jenner.
18:48 of 2nd period - Backhand shot by Jack Johnson.
18:48 of 2nd period - Stopped by Philipp Grubauer without a rebound.
18:49 of 2nd period - Bryan Little wins face-off versus Boone Jenner in Sharks zone.
Goals for this period are 0 for Sharks vs 0 for Avalanche.
Shots for this period are 9 for Sharks vs 14 for Avalanche.
3rd period
0:01 of 3rd period - Joseph Blandisi wins face-off versus Oscar Sundqvist in neutral zone.
0:38 of 3rd period - Icing by Brian Dumoulin.
0:39 of 3rd period - Oscar Sundqvist wins face-off versus Jean-Gabriel Pageau in Avalanche zone.
1:19 of 3rd period - Wrist shot by Rickard Rakell.
1:19 of 3rd period - Stopped by Philipp Grubauer with a rebound.
1:21 of 3rd period - Slapshot by Brian Dumoulin.
1:21 of 3rd period - Deflect By Rickard Rakell.
1:21 of 3rd period - Stopped by Philipp Grubauer with a rebound.
1:31 of 3rd period - Slapshot by Brandon Carlo.
1:31 of 3rd period - Shot Misses the Net.
2:13 of 3rd period - Wrist shot by Rickard Rakell.
2:13 of 3rd period - Shot Misses the Net.
2:15 of 3rd period - Slapshot by Brian Dumoulin.
2:15 of 3rd period - Deflect By Conor Sheary.
2:15 of 3rd period - Stopped by Philipp Grubauer without a rebound.
2:16 of 3rd period - Max Domi wins face-off versus Bryan Little in Sharks zone.
2:32 of 3rd period - Backhand shot by Andrei Kuzmenko.
2:32 of 3rd period - Shot Blocked by Ben Smith.
2:41 of 3rd period - Icing by Nick Cousins.
2:42 of 3rd period - Devin Shore wins face-off versus Bryan Little in Avalanche zone.
2:58 of 3rd period - Snap shot by Devin Shore.
2:58 of 3rd period - Deflect By Nail Yakupov.
2:58 of 3rd period - Stopped by Adin Hill without a rebound.
2:59 of 3rd period - Max Domi wins face-off versus Michael McLeod in Avalanche zone.
3:21 of 3rd period - Michael McLeod is hit by Max Domi and loses puck.
3:33 of 3rd period - Off-side.
3:34 of 3rd period - Drake Caggiula wins face-off versus Devin Shore in neutral zone.
3:59 of 3rd period - Jacob Slavin is hit by Brandon Carlo.
4:03 of 3rd period - Wrist shot by Conor Sheary.
4:03 of 3rd period - Deflect By Oscar Sundqvist.
4:03 of 3rd period - Goal by Oscar Sundqvist - Sharks : 1 - Avalanche : 1.
4:04 of 3rd period - Max Domi wins face-off versus Michael McLeod in neutral zone.
5:36 of 3rd period - Backhand shot by Joseph Blandisi.
5:36 of 3rd period - Shot Misses the Net.
5:38 of 3rd period - Snap shot by David Rundblad.
5:38 of 3rd period - Deflect By Michael McLeod.
5:38 of 3rd period - Goal by Michael McLeod - Sharks : 1 - Avalanche : 2.
5:39 of 3rd period - Boone Jenner wins face-off versus Michael McLeod in neutral zone.
6:43 of 3rd period - Minor Penalty to Rickard Rakell for High sticking.
6:44 of 3rd period - Boone Jenner wins face-off versus Jean-Gabriel Pageau in Avalanche zone.
6:47 of 3rd period - Snap shot by Oscar Sundqvist.
6:47 of 3rd period - Shot Misses the Net.
6:49 of 3rd period - Slapshot by Connor Murphy.
6:49 of 3rd period - Shot Misses the Net.
6:51 of 3rd period - Snap shot by Oscar Sundqvist.
6:51 of 3rd period - Shot Misses the Net.
6:55 of 3rd period - Snap shot by Boone Jenner.
6:55 of 3rd period - Stopped by Adin Hill without a rebound.
6:56 of 3rd period - Jean-Gabriel Pageau wins face-off versus Boone Jenner in Avalanche zone.
7:05 of 3rd period - Slapshot by Drew Doughty.
7:05 of 3rd period - Shot Blocked by Bryan Little.
7:07 of 3rd period - Slapshot by Drew Doughty.
7:07 of 3rd period - Shot Misses the Net.
7:09 of 3rd period - Snap shot by Oscar Sundqvist.
7:09 of 3rd period - Shot Blocked by Bryan Little.
8:43 of 3rd period - Penalty to Rickard Rakell is over, Rickard Rakell is back on ice.
10:04 of 3rd period - Icing by Anthony Duclair.
10:05 of 3rd period - Michael McLeod wins face-off versus Boone Jenner in Avalanche zone.
10:14 of 3rd period - Wrist shot by Boone Jenner.
10:14 of 3rd period - Shot Misses the Net.
10:50 of 3rd period - Minor Penalty to Jean-Gabriel Pageau for Hooking.
10:51 of 3rd period - Patric Hornqvist wins face-off versus Boone Jenner in Avalanche zone.
11:08 of 3rd period - Wrist shot by Boone Jenner.
11:08 of 3rd period - Stopped by Adin Hill with a rebound.
12:28 of 3rd period - Boone Jenner is hit by Drake Caggiula and loses puck.
12:50 of 3rd period - Penalty to Jean-Gabriel Pageau is over, Jean-Gabriel Pageau is back on ice.
13:06 of 3rd period - Minor Penalty to Brian Dumoulin for Roughing.
13:07 of 3rd period - Max Domi wins face-off versus Bryan Little in Avalanche zone.
13:08 of 3rd period - Slapshot by Ben Smith.
13:08 of 3rd period - Shot Blocked by David Rundblad.
13:47 of 3rd period - Wrist shot by Luke Witkowski.
13:47 of 3rd period - Stopped by Philipp Grubauer without a rebound.
13:48 of 3rd period - Boone Jenner wins face-off versus Bryan Little in Sharks zone.
14:23 of 3rd period - Slapshot by Jean-Gabriel Pageau.
14:23 of 3rd period - Shot Misses the Net.
14:25 of 3rd period - Wrist shot by Jack Johnson.
14:25 of 3rd period - Shot Misses the Net.
14:27 of 3rd period - Slapshot by Jack Johnson.
14:27 of 3rd period - Shot Misses the Net.
14:29 of 3rd period - Wrist shot by Jean-Gabriel Pageau.
14:29 of 3rd period - Shot Misses the Net.
15:06 of 3rd period - Penalty to Brian Dumoulin is over, Brian Dumoulin is back on ice.
15:37 of 3rd period - Kurtis Macdermid is hit by Brian Dumoulin and loses puck.
15:54 of 3rd period - Snap shot by Bryan Little.
15:54 of 3rd period - Stopped by Philipp Grubauer without a rebound.
15:55 of 3rd period - Rickard Rakell wins face-off versus Max Domi in Sharks zone.
16:12 of 3rd period - Wrist shot by Kyle Clifford.
16:12 of 3rd period - Stopped by Philipp Grubauer with a rebound.
16:18 of 3rd period - Wrist shot by Michael McLeod.
16:18 of 3rd period - Shot Misses the Net.
17:03 of 3rd period - Snap shot by Kyle Clifford.
17:03 of 3rd period - Shot Blocked by Markus Nutivaara.
17:11 of 3rd period - Wrist shot by Kyle Clifford.
17:11 of 3rd period - Stopped by Philipp Grubauer with a rebound.
17:48 of 3rd period - Nail Yakupov is hit by Jacob Slavin and loses puck.
18:12 of 3rd period - Minor Penalty to Anthony Duclair for Tripping.
18:13 of 3rd period - Boone Jenner wins face-off versus Bryan Little in Avalanche zone.
18:47 of 3rd period - Off-side.
18:48 of 3rd period - Reginald Dunlop call a timeout for Sharks.
18:48 of 3rd period - Bryan Little wins face-off versus Boone Jenner in neutral zone.
18:57 of 3rd period - Snap shot by Bryan Little.
18:57 of 3rd period - Shot Blocked by Brandon Carlo.
18:59 of 3rd period - Slapshot by David Rundblad.
18:59 of 3rd period - Goal by David Rundblad - Sharks : 1 - Avalanche : 3.
19:00 of 3rd period - Bryan Little wins face-off versus Boone Jenner in neutral zone.
19:26 of 3rd period - Max Domi is hit by Bryan Little and loses puck.
Goals for this period are 1 for Sharks vs 2 for Avalanche.
Shots for this period are 4 for Sharks vs 9 for Avalanche.